 Dungeon Crawl Stone Soup version 0.27.1-2-g3b301248ec (webtiles) character file.

Game seed: 8112659584022287216

60 snilloc10 the Magician (level 3, 0/31 HPs)
             Began as a Troll Hedge Wizard on Sept 29, 2021.
             Slain by Natasha (6 damage)
             ... on level 3 of the Dungeon.
             The game lasted 00:05:56 (1920 turns).

snilloc10 the Magician (Troll Hedge Wizard)         Turns: 1920, Time: 00:05:56

Health: 0/31       AC:  4    Str: 18    XL:     3   Next: 82%
Magic:  5/5        EV: 10    Int: 10    God:
Gold:   116        SH:  0    Dex: 10    Spells: 5/6 levels left

rFire    . . .     SeeInvis .   a - +0 dagger
rCold    . . .     Faith    .   (no shield)
rNeg     . . .     Spirit   .   b - +0 robe
rPois    .         Reflect  .   c - +0 hat
rElec    .         Harm     .   (no cloak)
rCorr    .         Rampage  .   (gloves unavailable)
Will     .....                  (boots unavailable)
Stlth    +.........             (no amulet)
HPRegen  1.10/turn              (no ring)
MPRegen  0.09/turn              (no ring)

@: flying, slowed, very slow
A: large, unfitting armour, claws 3, regeneration 1, shaggy fur 1, tough skin 1
a: no special abilities


You were on level 3 of the Dungeon.
You visited 1 branch of the dungeon, and saw 3 of its levels.

You collected 116 gold pieces.

Inventory:

Hand Weapons
 a - a +0 dagger (weapon)
Armour
 b - a +0 robe (worn)
 c - a +0 hat (worn)
Scrolls
 e - 3 scrolls of enchant armour {unknown}
 f - a scroll of blinking {unknown}
 g - a scroll of noise {unknown}
 i - a scroll of fog {unknown}
 j - a scroll of identify {unknown}
 k - 2 scrolls of magic mapping {unknown}
Potions
 m - a potion of attraction {unknown}


   Skills:
 - Level 0.4 Short Blades
 - Level 2.0 Dodging
 - Level 1.0 Stealth
 + Level 2.4 Spellcasting
 + Level 1.2 Conjurations
 + Level 1.1 Summonings
 + Level 1.0 Translocations


You had 5 spell levels left.
You knew the following spells:

 Your Spells              Type           Power      Damage    Failure   Level
a - Magic Dart            Conj           12%        1d3       19%         1

Your spell library contained the following spells:

 Spells                   Type           Power      Damage    Failure   Level
 Call Imp                 Summ           3%         N/A       28%         2
 Blink                    Tloc           N/A        N/A       30%         2
 Slow                     Hex            1%         N/A       41%         2
 Conjure Flame            Conj/Fire      2%         6-21      56%         3
 Mephitic Cloud           Conj/Pois/Air  2%         N/A       58%         3


Dungeon Overview and Level Annotations

Branches:
Dungeon (3/15)

Altars:

Annotations:
D:3 Natasha


Innate Abilities, Weirdness & Mutations

You are too large for most types of armour.
You have claws for hands.
Your natural rate of healing is unusually fast.
You are covered in fur. (AC +1)
You have tough skin. (AC +1)


Message History

The crimson imp barely misses you.
Natasha growls.
Natasha closely misses you. x2; The crimson imp blinks!
You hit Natasha.
Natasha is moderately wounded.
Natasha closely misses you.
You closely miss Natasha.
Natasha is moderately wounded.
Natasha stares at you and mumbles some strange words.
You resist with significant effort.
The crimson imp blinks!
Natasha closely misses you.
You hit Natasha but do no damage.
Natasha is moderately wounded.
Natasha claws you.
You closely miss Natasha.
Natasha is moderately wounded.
The crimson imp disappears in a puff of smoke!
The shadow imp disappears in a puff of smoke!
Natasha barely misses you. Natasha completely misses you.
You hit Natasha.
Natasha is moderately wounded.
Natasha completely misses you.
You miss Natasha.
Natasha is moderately wounded.
Natasha casts a spell at you. The magic dart hits you. Natasha claws you.
You barely miss Natasha.
Natasha is moderately wounded.
You feel yourself speed up. Natasha casts a spell at you.
You feel yourself slow down.
You closely miss Natasha.
Natasha is moderately wounded.
Natasha claws you. x2
* * * LOW HITPOINT WARNING * * *
As you read the scroll labelled NUEDIE BIBB, it crumbles to dust.
It is a scroll of enchant weapon.
Okay, then.
Natasha claws you.
You die...

### #.#### ###.#..
...#.# ####
#######.#.##?...#
.................
#######.#.##########
##########.#$#wh@....?#
...........#.#.######.#
.####.................
.# #.######.#.######.
.####>................
...#.........#.######.
##.#.#######.#.# #.#.
...5# #.#. .$....


You could see Natasha and a dart slug.

Vanquished Creatures
  An adder (D:2)
  2 worms (D:2)
  A dart slug (D:2)
  An orc (D:3)
  5 ball pythons
  5 endoplasms (D:2)
  A giant cockroach (D:1)
  3 goblins
  5 hobgoblins
  A quokka (D:1)
  7 bats
  2 frilled lizards (D:2)
  3 kobolds
  4 rats
41 creatures vanquished.

Vanquished Creatures (others)
  2 plants (D:2)
2 creatures vanquished.

Grand Total: 43 creatures vanquished

Notes
Turn   | Place    | Note
-------+----------+-------------------------------------------
     0 | D:1      | snilloc10 the Troll Hedge Wizard began the quest for the
                  | Orb.
     0 | D:1      | Reached XP level 1. HP: 16/16 MP: 2/2
   309 | D:1      | Reached XP level 2. HP: 24/24 MP: 4/4
   403 | D:1      | Found a faded altar of an unknown god.
   881 | D:2      | Reached XP level 3. HP: 24/31 MP: 5/5
   898 | D:2      | Reached skill level 1 in Conjurations
  1318 | D:2      | Reached skill level 1 in Summonings
  1450 | D:2      | Reached skill level 1 in Translocations
  1884 | D:3      | Noticed Natasha
  1920 | D:3      | Slain by Natasha

Illustrated notes

Levels and vault maps discovered:
D:1:      dpeg_arrival_tiny_e, layout_loops_ring, ebering_ecumenical_altar_rust
D:2:      layout_basic, serial_forest, infiniplex_forest_lined_3_way,
          infiniplex_forest_lined_3, infiniplex_forest_straight_2,
          infiniplex_forest_clump_diagonal
D:3:      layout_basic, serial_shops, shop_statue, shop, shop, uniq_natasha

Skill      XL: |  1  2  3 |
---------------+----------+-----
Dodging        | 2 |  2.0
Conjurations   | 1 |  1.2
Summonings     | 1 |  1.1
Translocations | 1 |  1.0
Short Blades   | |  0.4
Stealth        | |  1.0
Spellcasting   | |  2.4

Action                   || total
-------------------------++-------
Melee: Dagger            ||   301
 Cast: Magic Dart        ||    10
  Use: Potion            ||     2
       Scroll            ||     1
 Stab: Sleeping          ||     1
Armor: Robe              ||   138
Dodge: Dodged            ||   170
